 Dungeon Crawl Stone Soup version 0.26-a0-30-g56b8cd3df0 (webtiles) character file.

Game seed: 15394878688985527633, levelgen mode: deterministic

67 vurker the Grave Robber (level 4, 30/32 HPs)
             Began as a Demonspawn Necromancer on June 3, 2020.
             Quit the game on level 2 of the Dungeon.
             The game lasted 00:03:10 (1584 turns).

vurker the Grave Robber (Demonspawn Necromancer)    Turns: 1584, Time: 00:03:11

Health: 30/32      AC:  2    Str:  8    XL:     4   Next: 0%
Magic:  3/8        EV: 12    Int: 18    God:
Gold:   79         SH:  0    Dex: 13    Spells: 8/9 levels left

rFire    . . .     SeeInvis .   f - +0 dagger
rCold    . . .     Gourm    .   (no shield)
rNeg     . . .     Faith    .   a - +0 robe
rPois    .         Spirit   .   (no helmet)
rElec    .         Reflect  .   (no cloak)
rCorr    .         Harm     .   (no gloves)
MR       .....                  (no boots)
Stlth    ++........             (no amulet)
HPRegen  2.10/turn              (no ring)
MPRegen  0.11/turn              (no ring)

@: no status effects
A: claws 1, powered by death 2
a: no special abilities


You were on level 2 of the Dungeon.
You were not hungry.

You visited 1 branch of the dungeon, and saw 2 of its levels.

You collected 79 gold pieces.

Inventory:

Hand Weapons
 f - a +0 dagger (weapon)
   (You took it off a kobold on level 1 of the Dungeon)
Armour
 a - a +0 robe (worn)
Scrolls
 b - 2 scrolls of fog {unknown}
 d - a scroll of noise {unknown}
 g - 2 scrolls of teleportation {unknown}
 h - a scroll of amnesia {unknown}
 i - a scroll of magic mapping {unknown}
 j - a scroll of remove curse {unknown}
Potions
 c - 2 potions of curing {unknown}
 k - a potion of flight {unknown}
Comestibles
 e - 2 rations


   Skills:
 + Level 1.3 Fighting
 - Level 1.7 Dodging
 - Level 1.7 Stealth
 * Level 3.0 Spellcasting
 * Level 5.1 Necromancy


You had 8 spell levels left.
You knew the following spells:

 Your Spells              Type           Power        Failure   Level  Hunger
a - Pain                  Necr           ###.         1%          1    None

Your spell library contained the following spells:

 Spells                   Type           Power        Failure   Level  Hunger
 Animate Skeleton         Necr           N/A          1%          1    None
 Vampiric Draining        Necr           ###.......   6%          3    ###....
 Animate Dead             Necr           N/A          19%         4    ####...
 Agony                    Necr           ###.....     47%         5    ######.


Dungeon Overview and Level Annotations

Branches:
Dungeon (2/15)

Altars:
Fedhas


Innate Abilities, Weirdness & Mutations

You have sharp fingernails.
You regenerate health from kills.


Message History

Aim: a gnoll, wielding a +0 halberd (moderately wounded, chance to defeat MR: 84%)
The gnoll writhes in agony.
Aim: a gnoll, wielding a +0 halberd (heavily wounded, chance to defeat MR: 84%)
You miscast Pain.
You are very lightly contaminated with residual magic.
Nothing appears to happen.
Aim: a gnoll, wielding a +0 halberd (heavily wounded, chance to defeat MR: 84%)
The gnoll writhes in agony.
There is a stone staircase leading up here.
The gnoll completely misses you.
You barely miss the gnoll. The gnoll closely misses you.
Unknown command.
Aim: a gnoll, wielding a +0 halberd (almost dead, chance to defeat MR: 84%)
The gnoll writhes in agony.
You kill the gnoll!
You hit the hobgoblin but do no damage. You hit the hobgoblin but do no damage.
The hobgoblin hits you.
You completely miss the hobgoblin. The hobgoblin barely misses you.
You closely miss the hobgoblin. The hobgoblin barely misses you.
You hit the hobgoblin but do no damage. The hobgoblin hits you.
You barely miss the hobgoblin. The hobgoblin hits you.
You hit the hobgoblin but do no damage. The hobgoblin barely misses you.
Your magical contamination has completely faded away.
You barely miss the hobgoblin. The hobgoblin closely misses you.
You barely miss the hobgoblin. The hobgoblin hits you.
You hit the hobgoblin but do no damage. The hobgoblin hits you.
You hit the hobgoblin. The hobgoblin barely misses you.
You hit the hobgoblin. The hobgoblin barely misses you.
You hit the hobgoblin.
You kill the hobgoblin!
You see here a +0 halberd.
An adder comes into view.
The adder moves out of view.
No target in view!
You can't see any susceptible monsters within range! (Use Z to cast anyway.)
The adder is too close now for your liking.
You can't see any susceptible monsters within range! (Use Z to cast anyway.)
Aim: an adder (chance to defeat MR: 84%)
The adder barely resists.
Aim: an adder (chance to defeat MR: 84%)
The adder writhes in agony!
Aim: an adder (severely wounded, chance to defeat MR: 84%)
The adder writhes in agony.
The adder misses you.
Aim: an adder (almost dead, chance to defeat MR: 84%)
The adder writhes in agony.
You kill the adder!
Your Spellcasting skill increases to level 3!
You have reached level 4!
You feel clever.
Your demonic ancestry asserts itself...
Your fingernails lengthen.

# # .. . ####. ###......##
####(..≈≈≈..... .
#....≈≈≈≈≈≈≈..## #
.##...≈≈≈≈≈≈≈≈≈†.###.#.#
.....≈≈≈≈≈≈≈≈≈≈≈@......#
.....≈≈≈≈P>.≈≈≈≈..##.###
#.≈≈≈≈....P≈≈≈≈.#
#.≈≈≈≈.._♣.≈≈≈≈.#
#.≈≈≈≈P..P.≈≈≈≈.########
#..≈≈≈≈.<.≈≈≈≈......).<#
#..≈≈≈≈≈≈≈≈≈≈≈.#######.#
#...≈≈≈≈≈≈≈≈≈..........#
###.#..≈≈≈≈≈≈≈..##########


There were no monsters in sight!

Vanquished Creatures
  3 gnolls (D:2)
  An adder (D:2)
  2 dart slugs (D:1)
  A leopard gecko (D:1)
  6 bats (D:1)
  2 giant cockroaches (D:1)
  2 goblins (D:1)
  2 hobgoblins
  4 kobolds
  A frilled lizard (D:1)
  3 rats (D:1)
27 creatures vanquished.

Notes
Turn   | Place    | Note
-------+----------+-------------------------------------------
     0 | D:1      | vurker the Demonspawn Necromancer began the quest for the
                  | Orb.
     0 | D:1      | Reached XP level 1. HP: 13/13 MP: 3/3
   190 | D:1      | Gained mutation: You regenerate a little health from kills.
                  | [demonic ancestry]
   190 | D:1      | Reached XP level 2. HP: 10/20 MP: 0/5
  1202 | D:2      | Found a blossoming altar of Fedhas.
  1345 | D:2      | Reached skill level 1 in Fighting
  1345 | D:2      | Gained mutation: You regenerate health from kills. [demonic
                  | ancestry]
  1345 | D:2      | Reached XP level 3. HP: 20/26 MP: 0/7
  1434 | D:2      | Reached skill level 5 in Necromancy
  1583 | D:2      | Gained mutation: You have sharp fingernails. [demonic
                  | ancestry]
  1583 | D:2      | Reached XP level 4. HP: 29/32 MP: 3/8
  1584 | D:2      | Quit the game

Illustrated notes

Levels and vault maps discovered:
D:1:      lightli_arrival_windingriver, layout_rooms
D:2:      layout_basic, minmay_misc_feat_encased,
          corexii_item_surrounded_by_moat, fedhas_ov_isle_minmay,
          uniq_crazy_yiuf_cottage

Skill      XL: |  1  2  3 |
---------------+----------+-----
Fighting       | 1 |  1.3
Necromancy     | 5 |  5.1
Spellcasting   | 3 |  3.0
Dodging        | |  1.7
Stealth        | |  1.7

Action                   |  1- 3 |  4- 6 || total
-------------------------+-------+-------++-------
Melee: Dagger            |    26 |       ||    26
       Unarmed           |     1 |       ||     1
 Cast: Pain              |    49 |     1 ||    50
  Eat: Chunk             |     2 |       ||     2
Armor: Robe              |     1 |       ||     1
Dodge: Dodged            |    23 |       ||    23

Table legend:
 A = Non-vault XP
 B = Vault XP
 C = Vault XP percentage of total XP
 D = Non-vault monster count
 E = Vault monster count
 F = Vault count percentage of total count
                 A         B        C        D         E       F
            +---------+---------+-------+---------+---------+-------
      Total |      97 |       0 |   0.0 |      27 |       0 |   0.0
            +---------+---------+-------+---------+---------+-------
        D:1 |      37 |       0 |   0.0 |      20 |       0 |   0.0
        D:2 |      60 |       0 |   0.0 |       7 |       0 |   0.0
            +---------+---------+-------+---------+---------+-------
